 Dungeon Crawl Stone Soup version 0.19.1 (webtiles) character file.

256 Ijustatesigmund the Chopper (level 5, 0/43 HPs)
             Began as a Minotaur Monk on Nov 25, 2016.
             Killed by divine providence
             ... invoked by an orc priest
              (17 damage)
             ... on level 4 of the Dungeon.
             The game lasted 00:06:24 (1974 turns).

Ijustatesigmund the Chopper (Minotaur Monk)         Turns: 1974, Time: 00:06:26

Health: 0/43       AC: 11    Str: 15    XL:     5   Next: 92%
Magic:  4/4        EV:  5    Int:  7    God:
Gold:   175        SH:  0    Dex: 14    Spells: 0 memorised, 4 levels left

rFire  . . .     SeeInvis .     a - +1 hand axe
rCold  . . .     Gourm    .     d - +0 plate armour
rNeg   . . .     Faith    .     (no shield)
rPois  .         Spirit   .     (helmet restricted)
rElec  .         Reflect  .     (no cloak)
rCorr  .         Harm     .     (no gloves)
MR     .....                    (no boots)
Stlth  ..........               (no amulet)
                                (no ring)
                                (no ring)

@: no status effects
A: retaliatory headbutt, horns 2, deterioration 2, frail 1
a: no special abilities


You were on level 4 of the Dungeon.
You were not hungry.

You visited 1 branch of the dungeon, and saw 4 of its levels.

You collected 175 gold pieces.

Inventory:

Hand Weapons
 a - a +1 hand axe (weapon)
Armour
 d - a +0 plate armour (worn)
Scrolls
 b - 4 scrolls of recharging
 o - a scroll of enchant weapon
 q - 2 scrolls of remove curse
Potions
 e - a potion of flight
 f - a potion of lignification
 i - a potion of brilliance {unknown}
 k - a potion of resistance {unknown}
 m - a potion of invisibility {unknown}
 r - a potion of curing
Comestibles
 c - 3 bread rations
 j - 2 meat rations
 l - 5 fruits
 n - a beef jerky


   Skills:
 + Level 5.1 Fighting
 * Level 6.5 Axes
 + Level 2.6 Armour
 - Level 3.2 Dodging
 - Level 1.5 Stealth


You had 4 spell levels left.
You didn't know any spells.

Dungeon Overview and Level Annotations

Branches:
Dungeon (4/15)
 Temple: D:4-7

Altars:
Okawaru
Qazlal
Uskayaw


Innate Abilities, Weirdness & Mutations

You reflexively headbutt those who attack you in melee.
You have a pair of horns on your head.
Your body often deteriorates upon taking damage.
You are frail. (-10% HP)


Message History

Your plate armour prevents you from hitting the orc.
Your plate armour prevents you from hitting the adder.
The orc hits you but does no damage. The adder bites you but does no damage.
The orc priest hits you but does no damage.
You slash the orc priest!
You headbutt the orc priest, but do no damage.
The orc priest is heavily wounded.
You completely miss the adder. You hit the orc but do no damage.
The adder bites you. The orc completely misses you.
The orc priest hits you with a dagger of speed.
The adder bites you.
An orc comes into view. It is wielding a club.
You hit the orc priest. You headbutt the orc priest.
The orc priest is almost dead.
You hit the orc.
You kill the orc!
You barely miss the adder.
The orc priest calls down the wrath of Beogh upon you.
Beogh smites you!
You die...

.. ... ##### #
###### ..'#
#...##
##.#..#[# #''##
#....#
#....oo@##....#
#....#
+.....S##....
#...#
##.###o#..#
#...##
#.###.'Z.#
.....#
+.....'...#
.....#
#.....#..#.#
...<.#
#.....##..$..
#....# ..
#......##... #
#...##...
##.###..##++#


You could see an orc priest, an adder and 2 orcs.

Vanquished Creatures
  An ogre (D:4)
  A bullfrog skeleton (D:4)
  A worker ant (D:3)
  A gnoll (D:2)
  2 adders (D:4)
  An ooze (D:1)
  2 worms (D:2)
  A dart slug (D:1)
  A leopard gecko (D:3)
  4 orcs
  3 ball pythons
  4 giant cockroaches
  10 hobgoblins
  4 jackals (D:1)
  7 kobolds
  3 quokkas (D:3)
  10 bats
  2 frilled lizards
  10 goblins
  A quokka skeleton (D:4)
  4 rats (D:1)
73 creatures vanquished.

Notes
Turn   | Place    | Note
-------+----------+-------------------------------------------
     0 | D:1      | Ijustatesigmund the Minotaur Monk began the quest for the Orb.
     0 | D:1      | Reached XP level 1. HP: 19/19 MP: 0/0
   115 | D:1      | Reached skill level 4 in Axes
   149 | D:1      | Reached XP level 2. HP: 27/27 MP: 1/1
   341 | D:1      | Reached XP level 3. HP: 33/33 MP: 2/2
   920 | D:2      | Found a stormy altar of Qazlal.
   975 | D:2      | Reached skill level 5 in Axes
  1222 | D:2      | Found an iron altar of Okawaru.
  1226 | D:2      | Reached skill level 1 in Armour
  1233 | D:2      | Reached XP level 4. HP: 37/41 MP: 3/3
  1777 | D:4      | Reached XP level 5. HP: 47/47 MP: 4/4
  1804 | D:4      | Found a hide-covered altar of Uskayaw.
  1843 | D:4      | Reached skill level 6 in Axes
  1860 | D:4      | Noticed an ogre
  1867 | D:4      | Killed an ogre
  1867 | D:4      | Reached skill level 5 in Fighting
  1968 | D:4      | Gained mutation: Your body sometimes deteriorates upon taking damage. [potion of mutation]
  1968 | D:4      | Gained mutation: Your body often deteriorates upon taking damage. [potion of mutation]
  1968 | D:4      | Gained mutation: You are frail. (-10% HP) [potion of mutation]
  1974 | D:4      | Killed from afar by an orc priest

Skill      XL: |  1  2  3  4  5 |
---------------+----------------+-----
Axes           | 4 5 6 |  6.5
Fighting       | 4 5 |  5.1
Armour         | 1 2 |  2.6
Dodging        | |  3.2
Stealth        | |  1.5

Action                   |  1- 3 |  4- 6 || total
-------------------------+-------+-------++-------
Melee: Hand axe          |   109 |    90 ||   199
       Headbutt          |    15 |    22 ||    37
  Use: Scroll            |     8 |     4 ||    12
       Potion            |       |     4 ||     4
 Stab: Sleeping          |     1 |       ||     1
  Eat: Chunk             |     1 |     3 ||     4
Armor: Robe              |     2 |       ||     2
       Plate armour      |    83 |    74 ||   157
Dodge: Dodged            |    34 |    26 ||    60
